Pick #1

Connor Bedard
Pick #2

Leo Carlsson
Pick #3

Adam Fantilli
Pick #4

Matvei Michkov
Pick #5

David Reinbacher
Pick #6

William Smith
Pick #7

Zachary Benson
Pick #8

Ryan Leonard
Pick #9

Gabriel Perreault
Pick #10

Axel Sandin-Pellika
Pick #11

Daniil But
Pick #12

Dalibor Dvorsky
Pick #13

Quentin Musty
Pick #14

Brayden Yager
Pick #15

Dmitry Simashev
Pick #16

Colby Barlow
Pick #17

Andrew Cristall
Pick #18

Easton Cowan
Pick #19

Jacob Fowler
Pick #20

Oliver Moore
Pick #21

Oliver Bonk
Pick #22

Tom Willander
Pick #23

Calum Ritchie
Pick #24

Tanner Molendyk
Pick #25

Gavin Brindley
Pick #26

Nate Danielson
Pick #27

Pick #28

Pick #29

Pick #30

Pick #31

Pick #32

Pick #33

Pick #34

Pick #35

Pick #36

Pick #37

Pick #38

Pick #39

Pick #40

Pick #41

Pick #42

Pick #43

Pick #44

Pick #45

Pick #46

Pick #47

Pick #48

Pick #49

Pick #50

Pick #51

Pick #52

Pick #53

Pick #54

Pick #55

Pick #56

Pick #57

Pick #58

Pick #59

Pick #60

Pick #61

Pick #62

Pick #63

Pick #64

Pick #65

Pick #66

Pick #67

Pick #68

Pick #69

Pick #70

Pick #71

Pick #72

Pick #73

Pick #74

Pick #75

Pick #76

Pick #77

Pick #78

Pick #79

Pick #80

Pick #81

Pick #82

Pick #83

Pick #84

Pick #85

Pick #86

Pick #87

Pick #88

Pick #89

Pick #90

Pick #91

Pick #92

Pick #93

Pick #94

Pick #95

Pick #96

Pick #97

Pick #98

Pick #99

Pick #100

Pick #101

Pick #102

Pick #103

Pick #104

Pick #105

Pick #106

Pick #107

Pick #108

Pick #109

Pick #110

Pick #111

Pick #112

Pick #113

Pick #114

Pick #115

Pick #116

Pick #117

Pick #118

Pick #119

Pick #120

Pick #121

Pick #122

Pick #123

Pick #124

Pick #125

Pick #126

Pick #127

Pick #128

Pick #129

Pick #130

Full Scoreboard »»

Senators vs Blues

Created - March 21, 2024 at 21:29

Goals
1 2 3 T
Senators 0 1 2 3
Blues 2 1 1 4
Shots
1 2 3 T
Senators 5 7 5 17
Blues 13 7 8 28

GoalsPenalties
1st period
1. Blues , Marcus Johansson 6 (Filip Hronek 30, Sean Monahan 11) at 18:20
2. Blues , Yanni Gourde 17 (Jack Eichel 27, Filip Hronek 31) at 19:30
Connor Clifton (OTT) for Tripping (Minor) at 10:51
Logan Couture (STL) for Hooking (Minor) at 14:16
2nd period
3. Senators , Nikita Kucherov 28 (Joel Eriksson Ek 27, Matty Beniers 23) at 2:50
4. Blues , Auston Matthews 33 (Logan Couture 32, Cale Makar 60) at 4:29
Jake Walman (OTT) for Hooking (Minor) at 7:00
Matty Beniers (OTT) for Interference (Minor) at 12:54
3rd period
5. Senators , Adam Lowry 10 (Scott Laughton 31, Noah Hanifin 28) at 5:42
6. Senators , Adam Lowry 11 (K'Andre Miller 35, Andrew Copp 27) at 14:28
7. Blues , Logan Couture 25 (Clayton Keller 28) at 19:31
K'Andre Miller (OTT) for High sticking (Minor) at 3:01
Adam Lowry (OTT) for Tripping (Minor) at 7:49
Goalie Stats
Semyon Varlamov (OTT), 24 saves from 28 shots - (0.857), L, 19-12-3, 59:53 minutes
Carter Hart (STL), 14 saves from 17 shots - (0.824), W, 21-18-4, 60:00 minutes
3 StarsOfficial
1 - Filip Hronek (STL)
2 - Logan Couture (STL)
3 - Yanni Gourde (STL)
Referees : Chris Schlenker and Jake Brenk
Linesman : Devin Berg and Shaun Morgan
Game Note
No Game Note
Finance
Level 1 -- Attendance: 6500 (100.00%) -- Ticket Income $682,500
Level 2 -- Attendance: 4773 (95.46%) -- Ticket Income $357,975
Level 3 -- Attendance: 3206 (91.60%) -- Ticket Income $160,300
Level 4 -- Attendance: 1562 (100.00%) -- Ticket Income $60,918
Luxury Box -- Attendance: 918 (91.80%) -- Ticket Income $182,682
Game was played at the Scottrade Center.
Total Attendance: 16959 (96.57%)
Total Ticket Income: $1,444,375
Other Income: $361,094
Total Income: $1,805,469



Team Name Goals Shots Shots Attemp Shots Blocked PIM HIT PP PK FO%
Senators 31733810270 / 1 (0%)050%
Blues 4286432210 / 5 (0%)050%

Senators
Player Name POS G A P +/- PIM HIT SHT SB MP PP MP PP SHT PK MP PK SHT FO% FOT
Adam LowryC202-1212014:320:0003:09033% 3
Andrew CoppC011-1011116:400:5404:22039% 18
Christian DvorakC000-1021011:500:0000:00067% 15
Connor CliftonD000-3261219:260:0004:0200% 0
Danton HeinenLW0000003015:130:0002:140100% 1
Erik JohnsonD0001010118:530:0002:0900% 0
Jake WalmanD000-3210016:180:5400:0000% 0
Joel Eriksson EkC0111011012:581:0500:00064% 11
K'Andre MillerD0111222121:480:5414:1100% 0
Luke GlendeningC0000013112:590:0000:00033% 18
Matty BeniersC0111201017:221:0504:250100% 1
Nikita KucherovRW1011011012:581:0500:0000% 0
Noah HanifinD0111010121:461:0504:4400% 0
Pius SuterC0000000013:530:5400:0000% 1
Rasmus AnderssonD0001020121:461:0504:4400% 0
Sam GagnerC000-1000017:230:0005:33063% 8
Scott LaughtonC011-1040012:180:5400:000100% 1
Tomas TatarLW000-1031011:570:0000:0700% 1
Blues
Player Name POS G A P +/- PIM HIT SHT SB MP PP MP PP SHT PK MP PK SHT FO% FOT
Alec MartinezD0002001018:520:3010:5600% 0
Alex NewhookC000-1001014:405:2300:00050% 2
Anthony DeAngeloD0000011017:585:1410:0000% 0
Auston MatthewsC1011004021:114:1110:00050% 2
Cale MakarD011-1001024:065:1410:5600% 0
Carson SoucyD0000030013:140:3000:0000% 0
Clayton KellerRW0111021021:324:3200:000100% 1
Craig SmithC000003009:100:0000:0000% 0
Curtis LazarC0001012013:290:0000:50045% 11
Filip HronekD0222010118:290:0001:0300% 0
Jack EichelC0111001017:114:3210:000100% 1
Kris LetangD000-1021123:104:1111:0300% 0
Logan CoutureC1121223121:314:3210:00052% 23
Marcus JohanssonLW101-101509:170:0000:0000% 0
Sean MonahanC011-1020015:495:2301:09046% 28
Sheldon DriesC0000001010:000:0000:5000% 1
Steven LorentzC0000002010:190:0001:09157% 7
Yanni GourdeC1011034018:025:2300:00050% 2



Play-by-Play

1st period


0:01 of 1st period - Logan Couture wins face-off versus Joel Eriksson Ek in neutral zone.
1:10 of 1st period - Shot by Curtis Lazar.
1:10 of 1st period - Stopped by Semyon Varlamov with a rebound.
1:12 of 1st period - Shot by Filip Hronek.
1:12 of 1st period - Shot Blocked by Andrew Copp.
1:14 of 1st period - Shot by Curtis Lazar.
1:14 of 1st period - Shot Misses the Net.
1:22 of 1st period - Shot by Yanni Gourde.
1:22 of 1st period - Shot Misses the Net.
1:24 of 1st period - Shot by Curtis Lazar.
1:24 of 1st period - Deflect By Yanni Gourde.
1:24 of 1st period - Shot Misses the Net.
1:26 of 1st period - Shot by Yanni Gourde.
1:26 of 1st period - Stopped by Semyon Varlamov without a rebound.
1:27 of 1st period - Christian Dvorak wins face-off versus Sean Monahan in Senators zone.
1:27 of 1st period - Connor Clifton is hit by Marcus Johansson and loses puck.
1:43 of 1st period - Christian Dvorak is hit by Carson Soucy and loses puck.
1:53 of 1st period - Icing by Anthony DeAngelo.
1:54 of 1st period - Luke Glendening wins face-off versus Sean Monahan in Blues zone.
1:54 of 1st period - Noah Hanifin is hit by Anthony DeAngelo and loses puck.
2:12 of 1st period - Icing by Anthony DeAngelo.
2:13 of 1st period - Christian Dvorak wins face-off versus Sean Monahan in Blues zone.
2:21 of 1st period - Icing by Anthony DeAngelo.
2:22 of 1st period - Sean Monahan wins face-off versus Luke Glendening in Blues zone.
2:42 of 1st period - Marcus Johansson is hit by Luke Glendening and loses puck.
4:00 of 1st period - Icing by Alec Martinez.
4:01 of 1st period - Christian Dvorak wins face-off versus Curtis Lazar in Blues zone.
6:26 of 1st period - Shot by Cale Makar.
6:26 of 1st period - Shot Blocked by Luke Glendening.
6:28 of 1st period - Shot by Logan Couture.
6:28 of 1st period - Shot Misses the Net.
6:30 of 1st period - Shot by Cale Makar.
6:30 of 1st period - Shot Blocked by Connor Clifton.
6:49 of 1st period - Off-side.
6:50 of 1st period - Steven Lorentz wins face-off versus Andrew Copp in neutral zone.
7:07 of 1st period - Shot by Steven Lorentz.
7:07 of 1st period - Stopped by Semyon Varlamov with a rebound.
7:09 of 1st period - Shot by Steven Lorentz.
7:09 of 1st period - Shot Misses the Net.
7:21 of 1st period - Shot by Sheldon Dries.
7:21 of 1st period - Stopped by Semyon Varlamov without a rebound.
7:22 of 1st period - Sean Monahan wins face-off versus Christian Dvorak in Senators zone.
7:56 of 1st period - Icing by Christian Dvorak.
7:57 of 1st period - Clayton Keller wins face-off versus Tomas Tatar in Senators zone.
8:00 of 1st period - Shot by Logan Couture.
8:00 of 1st period - Shot Misses the Net.
8:45 of 1st period - Joel Eriksson Ek is hit by Carson Soucy and loses puck.
8:51 of 1st period - Logan Couture is hit by Nikita Kucherov and loses puck.
9:57 of 1st period - Off-side.
9:58 of 1st period - Andrew Copp wins face-off versus Sean Monahan in neutral zone.
10:03 of 1st period - Shot by Andrew Copp.
10:03 of 1st period - Stopped by Carter Hart without a rebound.
10:04 of 1st period - Sean Monahan wins face-off versus Andrew Copp in Blues zone.
10:04 of 1st period - Sean Monahan is hit by Andrew Copp.
10:20 of 1st period - Shot by Marcus Johansson.
10:20 of 1st period - Shot Misses the Net.
10:23 of 1st period - Icing by Jake Walman.
10:24 of 1st period - Andrew Copp wins face-off versus Logan Couture in Senators zone.
10:28 of 1st period - Icing by Andrew Copp.
10:29 of 1st period - Logan Couture wins face-off versus Andrew Copp in Senators zone.
10:51 of 1st period - Minor Penalty to Connor Clifton for Tripping.
10:52 of 1st period - Alex Newhook wins face-off versus Sam Gagner in Senators zone.
10:56 of 1st period - Yanni Gourde is hit by K'Andre Miller and loses puck.
10:59 of 1st period - Shot by Yanni Gourde.
10:59 of 1st period - Shot Blocked by Erik Johnson.
11:09 of 1st period - Shot by Anthony DeAngelo.
11:09 of 1st period - Stopped by Semyon Varlamov without a rebound.
11:10 of 1st period - Logan Couture wins face-off versus Andrew Copp in Senators zone.
11:23 of 1st period - Shot by Logan Couture.
11:23 of 1st period - Stopped by Semyon Varlamov with a rebound.
11:25 of 1st period - Shot by Logan Couture.
11:25 of 1st period - Shot Misses the Net.
11:27 of 1st period - Shot by Auston Matthews.
11:27 of 1st period - Shot Misses the Net.
12:24 of 1st period - Shot by Cale Makar.
12:24 of 1st period - Shot Misses the Net.
12:58 of 1st period - Icing by Filip Hronek.
12:59 of 1st period - Steven Lorentz wins face-off versus Luke Glendening in Blues zone.
13:20 of 1st period - Shot by Danton Heinen.
13:20 of 1st period - Stopped by Carter Hart with a rebound.
13:22 of 1st period - Shot by Danton Heinen.
13:22 of 1st period - Stopped by Carter Hart without a rebound.
13:23 of 1st period - Auston Matthews wins face-off versus Andrew Copp in Blues zone.
13:33 of 1st period - Icing by Noah Hanifin.
13:34 of 1st period - Andrew Copp wins face-off versus Curtis Lazar in Senators zone.
14:00 of 1st period - Shot by Jack Eichel.
14:00 of 1st period - Deflect By Yanni Gourde.
14:00 of 1st period - Stopped by Semyon Varlamov without a rebound.
14:01 of 1st period - Christian Dvorak wins face-off versus Logan Couture in Senators zone.
14:16 of 1st period - Minor Penalty to Logan Couture for Hooking.
14:17 of 1st period - Sean Monahan wins face-off versus Joel Eriksson Ek in Blues zone.
15:35 of 1st period - Shot by K'Andre Miller.
15:35 of 1st period - Shot Misses the Net.
15:37 of 1st period - Shot by K'Andre Miller.
15:37 of 1st period - Stopped by Carter Hart without a rebound.
15:38 of 1st period - Andrew Copp wins face-off versus Sean Monahan in Blues zone.
16:01 of 1st period - Shot by Sean Monahan.
16:01 of 1st period - Deflect By Steven Lorentz.
16:01 of 1st period - Stopped by Semyon Varlamov without a rebound.
16:02 of 1st period - Joel Eriksson Ek wins face-off versus Curtis Lazar in Senators zone.
16:31 of 1st period - Clayton Keller is hit by Erik Johnson and loses puck.
16:49 of 1st period - Shot by Logan Couture.
16:49 of 1st period - Deflect By Clayton Keller.
16:49 of 1st period - Stopped by Semyon Varlamov without a rebound.
16:50 of 1st period - Curtis Lazar wins face-off versus Joel Eriksson Ek in Senators zone.
17:17 of 1st period - Rasmus Andersson is hit by Curtis Lazar and loses puck.
17:31 of 1st period - Off-side.
17:32 of 1st period - Logan Couture wins face-off versus Luke Glendening in neutral zone.
17:42 of 1st period - Shot by Auston Matthews.
17:42 of 1st period - Stopped by Semyon Varlamov without a rebound.
17:43 of 1st period - Christian Dvorak wins face-off versus Sean Monahan in Senators zone.
17:56 of 1st period - Shot by Marcus Johansson.
17:56 of 1st period - Stopped by Semyon Varlamov with a rebound.
18:11 of 1st period - Marcus Johansson is hit by Connor Clifton and loses puck.
18:20 of 1st period - Shot by Marcus Johansson.
18:20 of 1st period - Goal by Marcus Johansson - Senators : 0 - Blues : 1.
18:21 of 1st period - Luke Glendening wins face-off versus Logan Couture in neutral zone.
18:21 of 1st period - Erik Johnson is hit by Logan Couture.
18:25 of 1st period - Shot by Danton Heinen.
18:25 of 1st period - Shot Misses the Net.
18:59 of 1st period - Shot by Pius Suter.
18:59 of 1st period - Deflect By Luke Glendening.
18:59 of 1st period - Shot Misses the Net.
19:01 of 1st period - Shot by Pius Suter.
19:01 of 1st period - Shot Misses the Net.
19:03 of 1st period - Shot by K'Andre Miller.
19:03 of 1st period - Stopped by Carter Hart without a rebound.
19:04 of 1st period - Curtis Lazar wins face-off versus Adam Lowry in Blues zone.
19:04 of 1st period - Curtis Lazar is hit by Scott Laughton.
19:30 of 1st period - Shot by Yanni Gourde.
19:30 of 1st period - Goal by Yanni Gourde - Senators : 0 - Blues : 2.
19:31 of 1st period - Christian Dvorak wins face-off versus Sean Monahan in neutral zone.
19:50 of 1st period - Shot by Marcus Johansson.
19:50 of 1st period - Shot Misses the Net.
Goals for this period are 0 for Senators vs 2 for Blues.
Shots for this period are 5 for Senators vs 13 for Blues.

2nd period


0:01 of 2nd period - Andrew Copp wins face-off versus Logan Couture in neutral zone.
0:04 of 2nd period - Shot by Adam Lowry.
0:04 of 2nd period - Shot Blocked by Logan Couture.
0:10 of 2nd period - Scott Laughton is hit by Clayton Keller.
0:54 of 2nd period - Shot by Danton Heinen.
0:54 of 2nd period - Stopped by Carter Hart without a rebound.
0:55 of 2nd period - Luke Glendening wins face-off versus Curtis Lazar in Blues zone.
0:58 of 2nd period - Shot by Luke Glendening.
0:58 of 2nd period - Stopped by Carter Hart without a rebound.
0:59 of 2nd period - Danton Heinen wins face-off versus Curtis Lazar in Blues zone.
1:00 of 2nd period - Shot by Luke Glendening.
1:00 of 2nd period - Stopped by Carter Hart without a rebound.
1:01 of 2nd period - Yanni Gourde wins face-off versus Luke Glendening in Blues zone.
1:11 of 2nd period - Icing by Connor Clifton.
1:12 of 2nd period - Sean Monahan wins face-off versus Luke Glendening in Senators zone.
1:56 of 2nd period - Shot by Marcus Johansson.
1:56 of 2nd period - Stopped by Semyon Varlamov with a rebound.
2:48 of 2nd period - Shot by Joel Eriksson Ek.
2:48 of 2nd period - Shot Misses the Net.
2:50 of 2nd period - Shot by Joel Eriksson Ek.
2:50 of 2nd period - Deflect By Nikita Kucherov.
2:50 of 2nd period - Goal by Nikita Kucherov - Senators : 1 - Blues : 2.
2:51 of 2nd period - Curtis Lazar wins face-off versus Christian Dvorak in neutral zone.
2:51 of 2nd period - Curtis Lazar is hit by Tomas Tatar.
4:15 of 2nd period - Off-side.
4:16 of 2nd period - Andrew Copp wins face-off versus Logan Couture in neutral zone.
4:27 of 2nd period - Shot by Logan Couture.
4:27 of 2nd period - Shot Misses the Net.
4:29 of 2nd period - Shot by Auston Matthews.
4:29 of 2nd period - Goal by Auston Matthews - Senators : 1 - Blues : 3.
4:30 of 2nd period - Steven Lorentz wins face-off versus Luke Glendening in neutral zone.
6:06 of 2nd period - Kris Letang is hit by Rasmus Andersson and loses puck.
6:45 of 2nd period - Shot by Alex Newhook.
6:45 of 2nd period - Shot Misses the Net.
6:47 of 2nd period - Shot by Alex Newhook.
6:47 of 2nd period - Shot Misses the Net.
7:00 of 2nd period - Minor Penalty to Jake Walman for Hooking.
7:01 of 2nd period - Sam Gagner wins face-off versus Alex Newhook in Senators zone.
7:07 of 2nd period - Icing by Anthony DeAngelo.
7:08 of 2nd period - Sam Gagner wins face-off versus Sean Monahan in Blues zone.
7:35 of 2nd period - Shot by Anthony DeAngelo.
7:35 of 2nd period - Deflect By Yanni Gourde.
7:35 of 2nd period - Shot Blocked by Noah Hanifin.
7:47 of 2nd period - Shot by Kris Letang.
7:47 of 2nd period - Stopped by Semyon Varlamov without a rebound.
7:48 of 2nd period - Andrew Copp wins face-off versus Logan Couture in Senators zone.
8:27 of 2nd period - Shot by Kris Letang.
8:27 of 2nd period - Shot Misses the Net.
9:11 of 2nd period - Luke Glendening is hit by Craig Smith and loses puck.
9:38 of 2nd period - Shot by Craig Smith.
9:38 of 2nd period - Shot Misses the Net.
9:40 of 2nd period - Shot by Craig Smith.
9:40 of 2nd period - Shot Blocked by K'Andre Miller.
10:36 of 2nd period - Shot by Curtis Lazar.
10:36 of 2nd period - Shot Misses the Net.
10:58 of 2nd period - Shot by Tomas Tatar.
10:58 of 2nd period - Shot Misses the Net.
11:16 of 2nd period - Shot by Nikita Kucherov.
11:16 of 2nd period - Shot Misses the Net.
11:18 of 2nd period - Shot by Nikita Kucherov.
11:18 of 2nd period - Shot Misses the Net.
11:30 of 2nd period - Shot by Nikita Kucherov.
11:30 of 2nd period - Deflect By Matty Beniers.
11:30 of 2nd period - Stopped by Carter Hart without a rebound.
11:31 of 2nd period - Scott Laughton wins face-off versus Logan Couture in Blues zone.
12:03 of 2nd period - Shot by Auston Matthews.
12:03 of 2nd period - Shot Misses the Net.
12:29 of 2nd period - Matty Beniers is hit by Kris Letang.
12:41 of 2nd period - Icing by Matty Beniers.
12:42 of 2nd period - Joel Eriksson Ek wins face-off versus Sean Monahan in Senators zone.
12:54 of 2nd period - Minor Penalty to Matty Beniers for Interference.
12:55 of 2nd period - Sam Gagner wins face-off versus Sean Monahan in Senators zone.
13:50 of 2nd period - Shot by Jack Eichel.
13:50 of 2nd period - Shot Misses the Net.
13:52 of 2nd period - Shot by Clayton Keller.
13:52 of 2nd period - Shot Misses the Net.
14:32 of 2nd period - Shot by Alec Martinez.
14:32 of 2nd period - Stopped by Semyon Varlamov without a rebound.
14:33 of 2nd period - Sam Gagner wins face-off versus Logan Couture in Senators zone.
15:06 of 2nd period - Shot by Nikita Kucherov.
15:06 of 2nd period - Shot Misses the Net.
15:12 of 2nd period - Shot by Nikita Kucherov.
15:12 of 2nd period - Deflect By Joel Eriksson Ek.
15:12 of 2nd period - Stopped by Carter Hart without a rebound.
15:13 of 2nd period - Sean Monahan wins face-off versus Andrew Copp in Blues zone.
15:28 of 2nd period - Andrew Copp is hit by Filip Hronek and loses puck.
15:34 of 2nd period - Marcus Johansson is hit by Connor Clifton and loses puck.
15:43 of 2nd period - Shot by Marcus Johansson.
15:43 of 2nd period - Stopped by Semyon Varlamov without a rebound.
15:44 of 2nd period - Joel Eriksson Ek wins face-off versus Steven Lorentz in Senators zone.
16:05 of 2nd period - Rasmus Andersson is hit by Craig Smith and loses puck.
16:41 of 2nd period - Icing by Anthony DeAngelo.
16:42 of 2nd period - Christian Dvorak wins face-off versus Logan Couture in Blues zone.
17:21 of 2nd period - Shot by Christian Dvorak.
17:21 of 2nd period - Stopped by Carter Hart without a rebound.
17:22 of 2nd period - Curtis Lazar wins face-off versus Andrew Copp in Blues zone.
17:27 of 2nd period - Shot by Yanni Gourde.
17:27 of 2nd period - Shot Blocked by Connor Clifton.
17:29 of 2nd period - Shot by Filip Hronek.
17:29 of 2nd period - Shot Misses the Net.
17:31 of 2nd period - Shot by Curtis Lazar.
17:31 of 2nd period - Stopped by Semyon Varlamov without a rebound.
17:32 of 2nd period - Luke Glendening wins face-off versus Sean Monahan in Senators zone.
17:32 of 2nd period - Luke Glendening is hit by Sean Monahan.
17:50 of 2nd period - Shot by Marcus Johansson.
17:50 of 2nd period - Stopped by Semyon Varlamov without a rebound.
17:51 of 2nd period - Logan Couture wins face-off versus Christian Dvorak in Senators zone.
17:53 of 2nd period - Auston Matthews is hit by Jake Walman and loses puck.
18:07 of 2nd period - Filip Hronek is hit by Tomas Tatar.
18:15 of 2nd period - Shot by Sam Gagner.
18:15 of 2nd period - Shot Misses the Net.
18:26 of 2nd period - Filip Hronek is hit by Connor Clifton.
19:48 of 2nd period - Icing by Andrew Copp.
19:49 of 2nd period - Sean Monahan wins face-off versus Andrew Copp in Senators zone.
Goals for this period are 1 for Senators vs 1 for Blues.
Shots for this period are 7 for Senators vs 7 for Blues.

3rd period


0:01 of 3rd period - Logan Couture wins face-off versus Christian Dvorak in neutral zone.
0:35 of 3rd period - Shot by Tomas Tatar.
0:35 of 3rd period - Stopped by Carter Hart without a rebound.
0:36 of 3rd period - Curtis Lazar wins face-off versus Luke Glendening in Blues zone.
0:53 of 3rd period - Icing by Danton Heinen.
0:54 of 3rd period - Sean Monahan wins face-off versus Luke Glendening in Senators zone.
1:23 of 3rd period - Shot by Luke Glendening.
1:23 of 3rd period - Stopped by Carter Hart with a rebound.
1:44 of 3rd period - Icing by Danton Heinen.
1:45 of 3rd period - Logan Couture wins face-off versus Luke Glendening in Senators zone.
2:02 of 3rd period - Shot by Auston Matthews.
2:02 of 3rd period - Stopped by Semyon Varlamov without a rebound.
2:03 of 3rd period - Joel Eriksson Ek wins face-off versus Yanni Gourde in Senators zone.
2:03 of 3rd period - Joel Eriksson Ek is hit by Yanni Gourde.
2:09 of 3rd period - Jack Eichel is hit by Joel Eriksson Ek and loses puck.
2:24 of 3rd period - Shot by Matty Beniers.
2:24 of 3rd period - Shot Blocked by Filip Hronek.
2:34 of 3rd period - Shot by Yanni Gourde.
2:34 of 3rd period - Stopped by Semyon Varlamov without a rebound.
2:35 of 3rd period - Christian Dvorak wins face-off versus Logan Couture in Senators zone.
2:35 of 3rd period - Christian Dvorak is hit by Kris Letang.
2:45 of 3rd period - Christian Dvorak is hit by Logan Couture and loses puck.
3:01 of 3rd period - Minor Penalty to K'Andre Miller for High sticking.
3:02 of 3rd period - Sean Monahan wins face-off versus Sam Gagner in Senators zone.
3:29 of 3rd period - Shot by Cale Makar.
3:29 of 3rd period - Stopped by Semyon Varlamov without a rebound.
3:30 of 3rd period - Logan Couture wins face-off versus Andrew Copp in Senators zone.
4:58 of 3rd period - Erik Johnson is hit by Yanni Gourde and loses puck.
5:20 of 3rd period - Off-side.
5:21 of 3rd period - Adam Lowry wins face-off versus Sean Monahan in neutral zone.
5:26 of 3rd period - Carson Soucy is hit by Scott Laughton and loses puck.
5:42 of 3rd period - Shot by Adam Lowry.
5:42 of 3rd period - Goal by Adam Lowry - Senators : 2 - Blues : 3.
5:43 of 3rd period - Luke Glendening wins face-off versus Sheldon Dries in neutral zone.
6:04 of 3rd period - Icing by Filip Hronek.
6:05 of 3rd period - Joel Eriksson Ek wins face-off versus Steven Lorentz in Blues zone.
6:22 of 3rd period - Shot by Steven Lorentz.
6:22 of 3rd period - Shot Blocked by Rasmus Andersson.
6:37 of 3rd period - Steven Lorentz is hit by Noah Hanifin.
7:49 of 3rd period - Minor Penalty to Adam Lowry for Tripping.
7:50 of 3rd period - Sean Monahan wins face-off versus Andrew Copp in Senators zone.
7:58 of 3rd period - Icing by Cale Makar.
7:59 of 3rd period - Sam Gagner wins face-off versus Sean Monahan in Blues zone.
9:02 of 3rd period - Shot by Logan Couture.
9:02 of 3rd period - Shot Misses the Net.
9:04 of 3rd period - Shot by Auston Matthews.
9:04 of 3rd period - Stopped by Semyon Varlamov without a rebound.
9:05 of 3rd period - Jack Eichel wins face-off versus Sam Gagner in Senators zone.
9:05 of 3rd period - Jack Eichel is hit by Connor Clifton.
9:23 of 3rd period - Noah Hanifin is hit by Clayton Keller and loses puck.
9:34 of 3rd period - Shot by Jack Eichel.
9:34 of 3rd period - Stopped by Semyon Varlamov without a rebound.
9:35 of 3rd period - Matty Beniers wins face-off versus Sean Monahan in Senators zone.
9:35 of 3rd period - Matty Beniers is hit by Yanni Gourde.
9:53 of 3rd period - Icing by Joel Eriksson Ek.
9:54 of 3rd period - Steven Lorentz wins face-off versus Joel Eriksson Ek in Senators zone.
9:54 of 3rd period - Craig Smith is hit by Connor Clifton and loses puck.
10:10 of 3rd period - Craig Smith is hit by Connor Clifton and loses puck.
12:16 of 3rd period - Cale Makar is hit by Tomas Tatar and loses puck.
12:49 of 3rd period - Shot by Pius Suter.
12:49 of 3rd period - Shot Misses the Net.
12:51 of 3rd period - Shot by Connor Clifton.
12:51 of 3rd period - Stopped by Carter Hart without a rebound.
12:52 of 3rd period - Joel Eriksson Ek wins face-off versus Curtis Lazar in Blues zone.
12:52 of 3rd period - Nikita Kucherov is hit by Carson Soucy and loses puck.
13:36 of 3rd period - Jack Eichel is hit by Rasmus Andersson and loses puck.
14:11 of 3rd period - Adam Lowry is hit by Sean Monahan and loses puck.
14:22 of 3rd period - Shot by Andrew Copp.
14:22 of 3rd period - Shot Misses the Net.
14:26 of 3rd period - Shot by Adam Lowry.
14:26 of 3rd period - Shot Misses the Net.
14:28 of 3rd period - Shot by Adam Lowry.
14:28 of 3rd period - Goal by Adam Lowry - Senators : 3 - Blues : 3.
14:29 of 3rd period - Christian Dvorak wins face-off versus Logan Couture in neutral zone.
15:07 of 3rd period - Icing by Anthony DeAngelo.
15:08 of 3rd period - Logan Couture wins face-off versus Adam Lowry in Blues zone.
15:08 of 3rd period - Logan Couture is hit by Scott Laughton.
15:31 of 3rd period - Clayton Keller is hit by Adam Lowry and loses puck.
15:45 of 3rd period - Kris Letang is hit by Scott Laughton and loses puck.
15:57 of 3rd period - Off-side.
15:58 of 3rd period - Sean Monahan wins face-off versus Luke Glendening in neutral zone.
16:04 of 3rd period - Icing by Alec Martinez.
16:05 of 3rd period - Luke Glendening wins face-off versus Sean Monahan in Blues zone.
16:21 of 3rd period - Icing by Alec Martinez.
16:22 of 3rd period - Sean Monahan wins face-off versus Christian Dvorak in Blues zone.
16:22 of 3rd period - Sean Monahan is hit by Christian Dvorak.
16:29 of 3rd period - Icing by Marcus Johansson.
16:30 of 3rd period - Sean Monahan wins face-off versus Pius Suter in Blues zone.
16:38 of 3rd period - Icing by Pius Suter.
16:39 of 3rd period - Logan Couture wins face-off versus Luke Glendening in Senators zone.
16:44 of 3rd period - Shot by Logan Couture.
16:44 of 3rd period - Stopped by Semyon Varlamov without a rebound.
16:45 of 3rd period - Logan Couture wins face-off versus Luke Glendening in Senators zone.
17:18 of 3rd period - Clayton Keller is hit by K'Andre Miller and loses puck.
17:25 of 3rd period - Shot by Auston Matthews.
17:25 of 3rd period - Shot Misses the Net.
17:27 of 3rd period - Shot by Auston Matthews.
17:27 of 3rd period - Shot Misses the Net.
17:29 of 3rd period - Shot by Kris Letang.
17:29 of 3rd period - Shot Misses the Net.
17:31 of 3rd period - Shot by Logan Couture.
17:31 of 3rd period - Shot Misses the Net.
17:55 of 3rd period - Shot by Yanni Gourde.
17:55 of 3rd period - Shot Misses the Net.
18:39 of 3rd period - Shot by Alex Newhook.
18:39 of 3rd period - Stopped by Semyon Varlamov without a rebound.
18:40 of 3rd period - Christian Dvorak wins face-off versus Steven Lorentz in Senators zone.
18:40 of 3rd period - Christian Dvorak is hit by Craig Smith.
19:09 of 3rd period - Cale Makar is hit by Christian Dvorak and loses puck.
19:17 of 3rd period - Off-side.
19:18 of 3rd period - Logan Couture wins face-off versus Andrew Copp in neutral zone.
19:29 of 3rd period - Shot by Clayton Keller.
19:29 of 3rd period - Shot Hit the Post.
19:31 of 3rd period - Shot by Logan Couture.
19:31 of 3rd period - Goal by Logan Couture - Senators : 3 - Blues : 4.
19:32 of 3rd period - Joel Eriksson Ek wins face-off versus Auston Matthews in neutral zone.
19:53 of 3rd period - Senators, Semyon Varlamov is pulled from the net.
19:55 of 3rd period - Shot by Matty Beniers.
19:55 of 3rd period - Deflect By Nikita Kucherov.
19:55 of 3rd period - Shot Blocked by Kris Letang.
Goals for this period are 2 for Senators vs 1 for Blues.
Shots for this period are 5 for Senators vs 8 for Blues.